AoeStats
← Oldspice

Pilgrims

509780044Analyzed
2v2 RM · 4d ago on Sep 28, 2026· 56m 45s· 4 players
Game mode
Random Map
Map size
Medium (4 player)
Population
200
Speed
Normal
Resources
Standard
Victory
Conquest
Starting age
Dark Age
Ending age
Imperial Age
RankedLock teamsTeams togetherTeam positionsShared explorationLock speedFull tech treeHidden civsTurbo modeCheats
Victory
Defeat
🇲🇽 Tupi · Mexico
1583
+16
1509
+19
🇨🇦 Turks · Canada
1617
-19
🇺🇸 Cumans · United States
1541
-16
Oldspice
11:31 Feudal Age
15:51 Double-Bit Axe
16:33 Loom
19:15 Horse Collar
25:37 Castle Age
25:33 Wheelbarrow
24:52 Fletching
26:25 Fishing Lines
27:23 Medium Warships
30:29 Bodkin Arrow
31:11 Ballistics
32:05 Stone Mining
32:05 Gold Mining
33:20 Bloodlines
34:19 Padded Archer Armor
38:30 Imperial Age
36:13 Thumb Ring
38:20 Leather Archer Armor
37:42 Capped Ram
39:08 Gold Shaft Mining
39:51 Ring Archer Armor
39:58 Elite Kipchak
41:21 Conscription
40:44 Light Cavalry
42:27 Scale Barding Armor
42:33 Forging
42:43 Heavy Plow
43:56 Chemistry
43:15 Hussar
44:12 Elite Skirmisher
45:55 Coinage
46:08 Bow Saw
48:45 Chain Barding Armor
50:39 Parthian Tactics
IVIUSTANG
4:45 Loom
11:07 Feudal Age
15:20 Castle Age
13:10 Fishing Lines
13:24 Double-Bit Axe
16:07 Fletching
17:24 Bow Saw
18:02 Wheelbarrow
17:29 Bodkin Arrow
18:11 Medium Warships
22:28 Hand Cart
21:59 Town Watch
30:25 Gillnets
41:03 Padded Archer Armor
42:14 Leather Archer Armor
49:45 Imperial Age
48:13 Gold Mining
48:14 Stone Mining
52:48 Imperial Age
52:53 Bloodlines
52:44 Husbandry
54:25 Scale Barding Armor
54:31 Forging
55:46 Chain Barding Armor
56:54 Scale Mail Armor
57:31 Plate Barding Armor
VL La Parca (Red Paladin)
7:35 Loom
12:39 Feudal Age
17:00 Castle Age
15:21 Double-Bit Axe
15:46 Stone Mining
17:01 Wheelbarrow
16:21 Gold Mining
17:18 Fishing Lines
18:50 Gold Shaft Mining
17:58 Horse Collar
18:44 Scale Barding Armor
30:39 Town Watch
31:37 Forging
33:06 Hand Cart
33:17 Bimaristan
37:50 Imperial Age
35:42 Chain Barding Armor
38:53 Iron Casting
38:10 Fletching
39:02 Conscription
39:51 Bow Saw
40:24 Heavy Plow
41:29 Blast Furnace
41:15 Bodkin Arrow
42:37 Chemistry
42:43 Hoardings
41:56 Elite Mameluke
43:43 Bracer
46:32 Two-Man Saw
46:14 Plate Barding Armor
45:19 Light Cavalry
46:10 Bloodlines
46:52 Husbandry
46:32 Hussar
50:19 Scale Mail Armor
50:19 Padded Archer Armor
50:21 Caravan
50:52 Coinage
51:23 Fervor
52:32 Chain Mail Armor
52:33 Leather Archer Armor
54:01 Plate Mail Armor
53:47 Leather Archer Armor
54:44 Siege Engineers
54:50 Masonry
VL Genghis Khan!!!
6:25 Loom
8:56 Feudal Age
9:31 Double-Bit Axe
9:49 Fishing Lines
12:27 Fletching
18:50 Castle Age
19:40 Town Watch
21:46 Medium Warships
21:27 Gillnets
25:03 Wheelbarrow
29:38 Bodkin Arrow
32:00 Ballistics
35:38 Bow Saw
39:57 Imperial Age
37:19 Horse Collar
37:30 Gold Mining
37:31 Stone Mining
38:37 Padded Archer Armor
40:24 Leather Archer Armor
40:17 Elite Blackwood Archer
40:50 Elite Blackwood Archer
41:34 Bracer
43:26 Chemistry
43:05 Curare
43:39 Conscription
45:13 Two-Man Saw
44:13 Heavy Plow
44:59 Ring Archer Armor
45:05 Scale Mail Armor
45:16 Forging
45:35 Caciques
46:06 Hoardings
51:30 Chain Mail Armor
51:51 Iron Casting
52:39 Coinage
53:27 Gold Shaft Mining
53:27 Hand Cart
54:41 Murder Holes
54:26 Treadmill Crane
56:46 Caravan
57:17 Banking
Connection lost

Rejoining the realm…

Still unreachable

The connection could not be restored.

Session expired

The server has moved on; the page needs a fresh start.